 Dungeon Crawl Stone Soup version 0.31.0-32-g396128a36d (webtiles) character file.

Game seed: 16372119261068645760

70 DemonSlayer the Digger (level 4, 0/30 HPs)
             Began as a Demonspawn Earth Elementalist on Apr 13, 2024.
             Killed from afar by Crazy Yiuf (4 damage)
             ... with a puff of flame
             ... on level 2 of the Dungeon.
             The game lasted 00:03:17 (1198 turns).

DemonSlayer the Digger (DsEE)                       Turns: 1198, Time: 00:03:18

Health: 0/30       AC:  2    Str:  8    XL:     4   Next: 4%
Magic:  7/8        EV: 12    Int: 22    God:
Gold:   63         SH:  0    Dex: 15    Spells: 2/9 levels left

rFire   . . .        b - +0 dagger
rCold   . . .        (no shield)
rNeg    . . .        a - +0 robe
rPois   .            (no helmet)
rElec   .            (no cloak)
rCorr   .            (no gloves)
SInv    .            (no boots)
Will    .....        (no amulet)
Stlth   ++           c - +6 ring of intelligence
HPRegen 0.25/turn    (no ring)
MPRegen 0.11/turn

%: no passive effects
@: mighty
A: powered by pain 1, weakness stinger 1
a: no special abilities


You were on level 2 of the Dungeon.
You visited 1 branch of the dungeon, and saw 2 of its levels.

You collected 63 gold pieces.

Inventory:

Hand Weapons
 b - a +0 dagger (weapon)
Armour
 a - a +0 robe (worn)
Jewellery
 c - a +6 ring of intelligence (left hand)
 e - a +6 ring of strength
Scrolls
 f - a scroll of fog {unknown}
Potions
 d - a potion of brilliance {unknown}


   Skills:
 + Level 2.0 Dodging
 + Level 2.3 Stealth
 + Level 3.0 Spellcasting
 + Level 1.0 Conjurations
 + Level 3.4 Earth Magic


You had 2 spell levels left.
You knew the following spells:

 Your Spells              Type           Power      Damage    Failure   Level
a - Sandblast             Erth           36%        2d10      3%          1
b - Stone Arrow           Conj/Erth      26%        3d8       16%         3
c - Passwall              Erth           18%        N/A       10%         3

Your spell library contained the following spells:

 Spells                   Type           Power      Damage    Failure   Level
 Brom's Barrelling Bould  Conj/Erth      13%        2d4       45%         4
 Petrify                  Alch/Erth      10%        N/A       52%         4


Dungeon Overview and Level Annotations

Branches:
Dungeon (2/15)

Altars:

Shops:
D:2 (

Annotations:
D:2 Crazy Yiuf


Innate Abilities, Weirdness & Mutations

You sometimes gain a little power by taking damage.
You have a small tail.


Message History

An endoplasm is nearby!
An endoplasm is nearby!
Found a scroll labelled YPUDYT BOBAASK.
You can't see any susceptible monsters within range! (Use Z to cast anyway.)
The blast of sand hits the endoplasm!
You kill the endoplasm!
You can't see any susceptible monsters within range! (Use Z to cast anyway.)
You can't see any susceptible monsters within range! (Use Z to cast anyway.)
You now have 63 gold pieces (gained 7).
f - a scroll labelled YPUDYT BOBAASK You see here 8 stones.
You see here a +0 chain mail.
Could not explore, unopened runed door.
Could not explore, unopened runed door.
You open the door.
Crazy Yiuf shouts!
Crazy Yiuf whimpers, "Tosser testudinal shoe!"
The blast of sand misses Crazy Yiuf.
Crazy Yiuf says, "Trifle!
Cholesterol cloud water."
Crazy Yiuf closely misses you. x2
The blast of sand hits Crazy Yiuf!
Crazy Yiuf is moderately wounded.
Crazy Yiuf zaps a wand.
The puff of flame hits you!
The blast of sand misses Crazy Yiuf.
Crazy Yiuf hits you with a +4 quarterstaff of chaos!
You focus on the pain.
You feel your power returning.
Crazy Yiuf zaps a wand.
The puff of flame hits you!
* * * LOW HITPOINT WARNING * * *
You focus on the pain.
You feel very mighty all of a sudden.
Casting: Sandblast (safe; 3% risk of failure)
Confirm with . or Enter, or press ? or * to list all spells.
Aiming: Sandblast (safe; 3% risk of failure)
Press: ? - help, Shift-Dir - straight line, f/p - Crazy Yiuf
Aim: Crazy Yiuf, wielding a +4 quarterstaff of chaos, wearing a +0 cloak and carrying a wand of flame (moderately wounded, 84% to hit)
The blast of sand hits Crazy Yiuf.
Crazy Yiuf is heavily wounded.
Crazy Yiuf says, "Cards sanguine arm!"
Crazy Yiuf zaps a wand.
The puff of flame hits you.
You die...

####### ......#
#####.### #...##♣♣♣♣♣
####..P.♣.♣♣♣ ###
##......♣..♣#...#
######.....P♣♣♣♣@g...#
...........♣♣ ♣♣#..)#
##########♣♣ ### ####
#..##### #......####
#########...%.....#


You could see Crazy Yiuf.

Vanquished Creatures
  Jessica (D:2)
  An adder (D:2)
  2 bats
  2 endoplasms
  3 giant cockroaches
  3 hobgoblins
  4 jackals (D:2)
  A kobold (D:2)
  A quokka (D:1)
  4 ball pythons
  A frilled lizard (D:2)
  6 goblins
  3 rats
32 creatures vanquished.

Notes
Turn   | Place    | Note
-------+----------+-------------------------------------------
     0 | D:1      | DemonSlayer the Demonspawn Earth Elementalist began the
                  | quest for the Orb.
     0 | D:1      | Reached XP level 1. HP: 13/13 MP: 3/3
   173 | D:1      | Gained mutation: You sometimes gain a little power by
                  | taking damage. [demonic ancestry]
   173 | D:1      | Reached XP level 2. HP: 19/19 MP: 1/5
   308 | D:2      | Found Zemonid's Weapon Boutique.
   718 | D:2      | Noticed Jessica
   723 | D:2      | Killed Jessica
   724 | D:2      | Reached XP level 3. HP: 22/24 MP: 5/7
   730 | D:2      | Learned a level 3 spell: Stone Arrow
   734 | D:2      | Learned a level 3 spell: Passwall
   799 | D:2      | Found a runed translucent door.
   800 | D:2      | Noticed Crazy Yiuf
   987 | D:2      | Gained mutation: You have a small tail. [demonic ancestry]
   987 | D:2      | Reached XP level 4. HP: 30/30 MP: 4/8
  1198 | D:2      | Killed from afar by Crazy Yiuf

Illustrated notes

Levels and vault maps discovered:
D:1:      matt_arrival_los_fun, layout_loops_ring, minmay_three_crescents
D:2:      layout_loops_ring, serial_shops, shop, uniq_jessica,
          uniq_crazy_yiuf_cottage

Skill      XL: |  1  2  3 |
---------------+----------+-----
Earth Magic    | 3 |  3.4
Stealth        | 2 |  2.3
Dodging        | 2 |  2.0
Spellcasting   | 3 |  3.0
Conjurations   | |  1.0

Action                     |  1- 3 |  4- 6 || total
---------------------------+-------+-------++-------
  Melee: Unarmed           |     1 |       ||     1
         Dagger            |    10 |       ||    10
   Cast: Sandblast         |    40 |     6 ||    46
    Use: Potion            |     1 |       ||     1
   Stab: Sleeping          |     2 |       ||     2
         Distracted        |     1 |       ||     1
 Armour: Robe              |    23 |     4 ||    27
  Dodge: Dodged            |    31 |     2 ||    33
